 Dungeon Crawl Stone Soup version 0.31-a0-1074-g0b22e4e0f1 (webtiles) character file.

Game seed: 7909071228808762749

263308 themarg the Grand Scion (level 19, -10/137 HPs)
             Began as a Demonspawn Conjurer on Nov 15, 2023.
             Was a High Priest of Hepliaklqana.
             Mangled by a +0 flail of holy wrath (11 damage)
             ... animated by a strange machine
             ... in a wizard's laboratory on Nov 29, 2023.
             The game lasted 04:08:21 (42723 turns).

themarg the Grand Scion (Demonspawn Conjurer)      Turns: 42723, Time: 04:08:22

Health: -10/137    AC: 18    Str:  9    XL:     19   Next: 24%
Magic:  0/31       EV: 16    Int: 28    God:    Hepliaklqana [*****.]
Gold:   3342       SH:  5    Dex: 17    Spells: 3/34 levels left

rFire   . . .        a - +4 short sword
rCold   + . .        (no shield)
rNeg    . . .        l - +2 robe of Ojius {rC+ Dex+4}
rPois   +            y - +2 hat
rElec   .            P - +2 cloak
rCorr   +            (gloves unavailable)
SInv    .            e - +0 pair of boots of the Harvest Moon {rPois Regen+ Int+3}
Will    ++...        t - amulet of reflection
Stlth   +            E - ring of willpower
HPRegen 1.22/turn    M - +4 ring of protection
MPRegen 0.44/turn

%: reflection, guardian spirit
@: contaminated, glowing
A: reduced essence, yellow scales 3, powered by death 2, magic shield, magic
regeneration, magic link, demonic touch 3
}: 2/15 runes: decaying, serpentine
a: Renounce Religion, Recall Ancestor, Ancestor Identity, Transference, Idealise


You were in a wizard's laboratory.
You worshipped Hepliaklqana.
Hepliaklqana was extremely pleased with you.
You visited 7 branches of the dungeon, and saw 32 of its levels.
You also visited: Sewer, Ossuary, Gauntlet, Ice Cave and Wizlab.

You collected 5613 gold pieces.
You spent 2271 gold pieces at shops.

Inventory:

Hand Weapons
 a - a +4 short sword (weapon)
 g - the +1 hand cannon "Xoakh" {penet, rN+ Dex+2}
   (You subdued it in a wizard's laboratory)

   Dex+2:     It affects your dexterity (+2).
   rN+:       It protects you from negative energy.
Missiles
 L - 46 poisoned darts
 N - 4 curare-tipped darts
Armour
 e - the +0 pair of boots of the Harvest Moon (worn) {rPois Regen+ Int+3}
   (You acquired it on level 4 of the Lair of Beasts)

   Int+3:     It affects your intelligence (+3).
   rPois:     It protects you from poison Regen+: It increases your rate of
   health regeneration.
 k - the +0 pair of boots of Mumblety Peg {rC+ Stlth+}
   (You found it in a wizard's laboratory)

   rC+:       It protects you from cold.
   Stlth+:    It makes you more stealthy.
 l - the +2 robe of Ojius (worn) {rC+ Dex+4}
   (You found it on level 2 of the Dungeon)

   Dex+4:     It affects your dexterity (+4).
   rC+:       It protects you from cold.
 v - the +3 pair of gauntlets of War {Slay+5}
   (You found it in a wizard's laboratory)

   Slay+5:    It affects your accuracy & damage with ranged weapons and melee
   (+5).
 y - a +2 hat (worn)
 P - a +2 cloak (worn)
Jewellery
 t - an amulet of reflection (around neck)
 E - a ring of willpower (left hand)
 M - a +4 ring of protection (right hand)
 V - a ring of fire
 Z - a ring of flight
Wands
 f - a wand of iceblast (63)
 r - a wand of mindburst (16)
 u - a wand of flame (50)
 D - a wand of paralysis (57)
 O - a wand of light (33) (quivered)
 S - a wand of polymorph (15)
 T - a wand of digging (7)
Scrolls
 c - 6 scrolls of immolation
 d - 2 scrolls of summoning
 i - 6 scrolls of poison
 m - 9 scrolls of fog
 A - 3 scrolls of fear
 B - a scroll of brand weapon
 F - 13 scrolls of teleportation
 G - 7 scrolls of amnesia
 H - 6 scrolls of enchant weapon
 Q - 2 scrolls of blinking
Potions
 b - a potion of cancellation
 j - 9 potions of might
 n - 7 potions of lignification
 o - 3 potions of brilliance
 p - 5 potions of heal wounds
 q - 3 potions of invisibility
 s - 4 potions of ambrosia
 w - 18 potions of curing
 z - 7 potions of magic
 J - 6 potions of enlightenment
 R - 2 potions of resistance
 U - 3 potions of haste
Miscellaneous
 h - a phial of floods
 x - a lightning rod (inert)
 I - a condenser vane
 X - a sack of spiders (inert)


   Skills:
 + Level 14.6 Fighting
 - Level 5.0 Short Blades
 - Level 3.0 Throwing
 - Level 7.0 Dodging
 - Level 2.0 Stealth
 - Level 8.0 Spellcasting
 - Level 12.0 Conjurations
 - Level 7.5 Hexes
 + Level 14.6 Summonings
 - Level 6.0 Translocations
 - Level 10.0 Fire Magic
 - Level 8.0 Ice Magic
 - Level 8.0 Air Magic
 - Level 15.0 Invocations
 - Level 12.0 Evocations


You had 3 spell levels left.
You knew the following spells:

 Your Spells              Type           Power      Damage    Failure   Level
a - Magic Dart            Conj           100%       1d8       1%          1
b - Searing Ray           Conj           100%       2d8       1%          2
c - Fulminant Prism       Conj/Hex       30%        3d16      1%          4
d - Iskenderun's Mystic   Conj/Tloc      57%        2d12      1%          4
e - Freezing Cloud        Conj/Ice/Air   29%        6-21      3%          5
f - Starburst             Conj/Fire      32%        6d10      9%          6
g - Spellforged Servitor  Conj/Summ      36%        N/A       19%         7
Z - Blink                 Tloc           88%        N/A       1%          2

Your spell library contained the following spells:

 Spells                   Type           Power      Damage    Failure   Level
 Foxfire                  Conj/Fire      100%       2x1d9     1%          1
 Slow                     Hex            100%       N/A       1%          1
 Call Imp                 Summ           100%       N/A       1%          2
 Lesser Beckoning         Tloc           88%        N/A       1%          2
 Momentum Strike          Conj/Tloc      100%       3d10      1%          2
 Confusing Touch          Hex            52%        N/A       1%          3
 Dazzling Flash           Conj/Hex       100%       N/A       1%          3
 Mephitic Cloud           Conj/Pois/Air  48%        N/A       1%          3
 Ozocubu's Armour         Ice            54%        N/A       1%          3
 Sigil of Binding         Hex            52%        N/A       1%          3
 Stone Arrow              Conj/Erth      88%        3d12      1%          3
 Summon Guardian Golem    Hex/Summ       64%        N/A       1%          3
 Volatile Blastmotes      Fire/Tloc      100%       2d18      1%          3
 Cigotuvi's Dreadful Rot  Necr/Pois/Air  52%        N/A       2%          2
 Ignite Poison            Fire/Tmut/Pois 29%        N/A       3%          3
 Necrotise                Necr           44%        1d6       4%          1
 Sandblast                Erth           22%        2d7       4%          1
 Sting                    Tmut/Pois      44%        1d5       4%          1
 Passwall                 Tmut/Erth      9%         N/A       8%          2
 Wereblood                Tmut           11%        N/A       8%          2
 Vampiric Draining        Necr           11%        2d6       14%         3
 Sticky Flame             Conj/Fire      64%        2d8       1%          4
 Fireball                 Conj/Fire      32%        3d14      1%          5
 Iskenderun's Battlesphe  Conj           68%        2d12      1%          5
 Vhi's Electric Charge    Tloc/Air       100%       N/A       2%          4
 Arcjolt                  Conj/Air       30%        1d40      2%          5
 Brom's Barrelling Bould  Conj/Erth      44%        2d6       4%          4
 Manifold Assault         Tloc           44%        N/A       4%          4
 Metabolic Englaciation   Hex/Ice        26%        N/A       5%          5
 Irradiate                Conj/Tmut      22%        3d19      12%         5
 Conjure Ball Lightning   Conj/Air       30%        3x3d10    12%         6
 Plasma Beam              Fire/Air       28%        2x1d41    19%         6
 Orb of Destruction       Conj           34%        9d10      30%         7
 Dispel Undead            Necr           11%        3d9       43%         4
 Dispersal                Tloc           22%        N/A       54%         6
 Agony                    Necr           11%        N/A       80%         5
 Simulacrum               Ice/Necr       16%        N/A       82%         6
 Ozocubu's Refrigeration  Ice            27%        4d13      83%         7
 Ignition                 Fire           30%        3d10      99%         8
 Death Channel            Necr           5%         N/A       100%        6
 Disjunction              Tloc           22%        N/A       100%        8
 Maxwell's Capacitive Co  Air            27%        ∞         100%        8


Dungeon Overview and Level Annotations

Branches:
Dungeon (15/15)            Temple (1/1) D:6            Lair (5/5) D:9
  Swamp (4/4) Lair:3        Snake (4/4) Lair:3        Slime (0/5) Lair:4
    Orc (2/2) D:10            Elf (1/3) Orc:2        Vaults (0/5) D:14
 Depths (0/4) D:15          Sewer (visited)         Ossuary (visited)
  IceCv (visited)          WizLab (1/1)             Gauntlet (visited)

Altars:
Ashenzari
Cheibriados
Dithmenos
Fedhas
Gozag
Hepliaklqana
Kikubaaqudgha
Makhleb
Nemelex Xobeh
Okawaru
Qazlal
Ru
Sif Muna
Trog
Uskayaw
Vehumet
Wu Jian
Xom
Yredelemnul
Jiyva

Shops:
D:12 !   D:15 ?   Orc:2 :*?[   Snake:1 **?   Snake:4 :=:

Annotations:
D:15 2 exclusions
Lair:4 1 runed translucent door
Orc:2 1 exclusion WizLab exclusion: 2 strange machines


Innate Abilities, Weirdness & Mutations

Your life essence is reduced to manifest your ancestor. (-10% HP)
You are completely covered in yellow scales. (AC +4, rCorr)
You regenerate health from kills.
When hurt, damage is shared between your health and your magic reserves.
You regenerate magic rapidly.
When low on magic, you restore magic in place of health.
Your touch may irresistibly damage your foes and sap their willpower.


Message History

Press: ? - help, Dir - move target
As you read the scroll of blinking, it crumbles to dust.
Your surroundings suddenly seem different.
The strange machine is engulfed in freezing vapours.
The strange machine gestures.
The +3 mace of holy wrath misses you.
You erupt in a blast of force!
The mystic blast hits the rakshasa.
The rakshasa is lightly wounded.
The rakshasa is knocked back by the mystic blast.
The rakshasa slams into the translucent rock wall!
The rakshasa is lightly wounded.
The mystic blast hits the +0 flail of holy wrath.
The +0 flail of holy wrath is lightly damaged.
The +0 flail of holy wrath is knocked back by the mystic blast.
The +0 flail of holy wrath collides with Tuba!
Tuba avoids your attack.
The +0 flail of holy wrath is moderately damaged.
The mystic blast hits the +3 mace of holy wrath!!
The +3 mace of holy wrath is severely damaged.
The +3 mace of holy wrath is knocked back by the mystic blast.
The +3 mace of holy wrath collides with the rakshasa!
The rakshasa is lightly wounded.
The +3 mace of holy wrath is severely damaged.
The rakshasa dissolves into shadows!
The strange machine is engulfed in freezing vapours.
The rakshasa weaves an illusion.
Tuba completely misses the +0 flail of holy wrath.
Tuba hits the rakshasa with a +0 broad axe of flaming.
Tuba burns the rakshasa.
Tuba closely misses the +3 mace of holy wrath.
The +0 flail of holy wrath hits you!
* * * LOW HITPOINT WARNING * * *
You convulse!
* * * LOW HITPOINT WARNING * * *
The rakshasa hits Tuba with a +0 long sword!
The +3 mace of holy wrath hits you but does no damage.
The +0 flail of holy wrath hits you!
* * * LOW HITPOINT WARNING * * *
You convulse!
You die...

##...###.....###...##
##...###.....###...##
##...###..⌠).###...##
##...###.....###...##
##...###.....###...##
##.(.###..)..###...##
##(..####...####.).## ##..#
###.### #))##
##''####R(@####''##
###).###R.(..###..###
##...###..⌠..###X.X##
###.(####.....####.R###
###...#####.8.#####...###
###..⌠..#####R#####..⌠..###
###.....#####R((#####.....###
###..##...###...((###...##..###
##...##........8.○.....^##...##


You could see the friendly Tuba the knight (reflecting), a strange machine, 3
rakshasas and 6 dancing weapons.

Vanquished Creatures
  An Ice Fiend (IceCv)
  A walking earthen tome (WizLab)
  Rupert (D:12)
  Kirke (D:15)
  7 nagarajas
  An azure jelly (Swamp:4)
  Louise (Snake:2)
  A deep elf annihilator (D:12)
  3 dire elephants (Lair:5)
  3 bunyips
  3 eleionomae
  A minotaur (Gauntlet)
  Snorg (Orc:2)
  The ghost of Frenzy the Fighter, a journeyman MiBe of Trog (D:9)
  A shambling mangrove (Swamp:4)
  A salamander tyrant (Snake:4)
  A vault guard (D:14)
  2 ice dragons (Swamp:4)
  5 hydras
  5 rakshasas
  2 ogre magi (Orc:2)
  2 centaur warriors
  7 alligators
  2 catoblepae
  8 anacondas
  12 two-headed ogres
  A boulder beetle (D:12)
  12 naga warriors
  11 death yaks
  4 shock serpents
  3 tengu warriors
  17 naga sharpshooters
  2 dancing weapons (WizLab)
  Sonja (Lair:4)
  Urug (D:11)
  Nergalle (D:11)
  2 deep elf knights
  4 skeletal warriors
  A deep troll (Orc:2)
  3 spriggan druids
  2 sea snakes (Snake:4)
  A spectral anaconda (Lair:5)
  4 naga ritualists
  2 spriggan simulacra (IceCv)
  2 bog bodies
  A goliath frog (Swamp:2)
  2 obsidian statues
  3 swamp dragons
  A phantasmal warrior (Snake:1)
  An arcanist (D:14)
  A lindwurm (shapeshifter) (D:12)
  Pikel (D:5)
  The ghost of horus123 the Ducker, a novice DgIE (D:7)
  5 deep elf pyromancers
  2 deep elf zephyrmancers
  An orc knight (D:15)
  4 necromancers
  4 orc sorcerers
  A wolf spider zombie (D:15)
  7 mana vipers
  4 manticores
  2 will-o-the-wisps
  9 cyclopes
  A moth of wrath (Swamp:2)
  A guardian serpent (Snake:4)
  14 elephants
  7 salamanders
  10 ugly things
  Maurice (D:8)
  18 naga magi
  An ice statue (Gauntlet)
  19 black mambas
  A torpor snail (Lair:2)
  Maggie (D:7)
  2 gargoyles
  A spectral sea snake (Snake:2)
  A nameless horror (Swamp:4)
  4 cane toads
  8 komodo dragons
  2 rime drakes (Gauntlet)
  9 freezing wraiths
  2 yaktaurs (D:14)
  An ice devil (IceCv)
  A komodo dragon (shapeshifter) (D:12)
  3 kobold demonologists
  A sea snake skeleton (Snake:2)
  A golden dragon simulacrum (IceCv)
  An anaconda simulacrum (IceCv)
  8 tyrant leeches
  2 meliai (D:12)
  A polar bear (Lair:5)
  11 trolls
  6 hornets
  A tarantella (shapeshifter) (D:12)
  19 blink frogs
  9 slime creatures
  A vampire (D:13)
  5 spriggans
  3 shadows
  2 wyverns
  53 yaks
  Eustachio (D:5)
  A dire elephant simulacrum (IceCv)
  3 hogs (D:15)
  5 basilisks
  2 water elementals (D:14)
  15 humans (D:14)
  A redback (shapeshifter) (D:13)
  5 vampire mosquitoes
  A chaos spawn (Gauntlet)
  2 swamp worm simulacra (Swamp:4)
  A neqoxec (Gauntlet)
  5 sea snake simulacra (Snake:2)
  A warg (D:15)
  31 nagas
  A steam dragon (D:9)
  12 swamp worms
  Menkaure (D:4)
  2 death yak simulacra (Lair:5)
  2 minotaur simulacra (IceCv)
  Edmund (D:6)
  2 harpy simulacra (IceCv)
  6 acid dragons
  20 hydra simulacra
  10 water moccasins
  2 swamp drakes
  14 orc warriors
  An ice beast (D:6)
  4 sky beasts
  An ettin simulacrum (IceCv)
  19 ogres
  A wolf (shapeshifter) (D:12)
  5 centaurs
  22 wolves
  An elephant skeleton (Lair:5)
  3 phantoms
  4 kobold brigands
  A gnoll sergeant (D:9)
  3 elf zombies (Ossuary)
  9 bullfrogs
  2 elf skeletons (D:7)
  5 scorpions
  2 deep troll simulacra (IceCv)
  3 wights
  3 elephant simulacra (Lair:5)
  2 lindwurm simulacra (IceCv)
  8 killer bees
  9 howler monkeys
  A spectral naga (Snake:2)
  2 electric eels
  2 centaur zombies (Ossuary)
  3 human zombies
  2 hounds
  3 gnoll boudas
  4 jellies
  11 orc priests
  6 iguanas
  An iguana (shapeshifter) (D:15)
  15 orc wizards
  2 human skeletons (D:7)
  A naga skeleton (Snake:2)
  3 hound zombies (Ossuary)
  3 mummies (Ossuary)
  11 gnolls
  8 adders
  2 shadow imps (D:5)
  A hell rat simulacrum (Lair:5)
  5 white imps
  An ufetubus (D:7)
  3 swamp drake simulacra (Swamp:4)
  4 adder zombies (Ossuary)
  3 worms
  2 dart slugs (D:1)
  37 orcs
  6 endoplasms
  6 giant cockroaches
  4 gnoll zombies (Ossuary)
  12 hobgoblins
  5 jackals
  4 quokkas
  8 ball pythons
  7 bats
  2 frilled lizards
  4 goblins
  3 goblin zombies (Ossuary)
  4 hobgoblin zombies (Ossuary)
  3 jackal zombies (Ossuary)
  20 kobolds
  3 kobold zombies (Ossuary)
  3 quokka zombies (Ossuary)
  A rat (D:1)
  3 rat zombies (Ossuary)
  A butterfly (D:6)
  A fulminant prism (D:7)
921 creatures vanquished.

Vanquished Creatures (collateral kills)
  Mara (Snake:4)
  Bai Suzhen (Snake:4)
  Mlioglotl (Snake:4)
  Asterion (Snake:4)
  9 nagarajas (Snake:4)
  A fenstrider witch (Swamp:4)
  2 bunyips
  A fire dragon (D:14)
  A vault guard (D:14)
  3 rakshasas
  A salamander tyrant (Snake:4)
  A centaur warrior (D:13)
  2 hydras
  4 boulder beetles (D:12)
  3 alligators (Swamp:1)
  2 two-headed ogres (Orc:2)
  6 death yaks
  5 anacondas
  A spectral dire elephant (Lair:5)
  4 naga warriors
  5 dancing weapons (WizLab)
  5 naga sharpshooters
  2 shock serpents
  2 skeletal warriors (D:13)
  A goliath frog (Swamp:2)
  A spriggan druid (Swamp:2)
  2 sea snakes (Snake:4)
  A deep troll (Orc:2)
  A swamp dragon (Swamp:1)
  2 spectral anacondas (Snake:2)
  2 spriggan simulacra (IceCv)
  2 bog bodies
  An anaconda skeleton (Snake:2)
  A naga ritualist (Snake:1)
  A necromancer (Lair:5)
  A deep elf zephyrmancer (Elf:1)
  2 phantasmal warriors (Snake:1)
  A mana viper (Snake:3)
  4 deep elf pyromancers (Elf:1)
  2 cyclopes
  2 will-o-the-wisps
  2 salamanders
  5 ugly things
  A nameless horror (WizLab)
  6 elephants
  16 black mambas
  3 guardian serpents
  2 centaur zombies (D:15)
  5 naga magi
  A gargoyle (D:12)
  2 cane toads
  Jeremiah (D:8)
  A kobold demonologist (D:11)
  An unseen horror (D:13)
  2 komodo dragons
  2 tengu conjurers
  4 freezing wraiths
  4 spectral nagas
  An anaconda simulacrum (Snake:2)
  An ice devil (IceCv)
  2 trolls
  3 tyrant leeches (Swamp:2)
  A spectral guardian serpent (Snake:2)
  A spectral elephant (Lair:5)
  2 blink frogs (Lair:4)
  3 slime creatures (D:13)
  2 spriggans (Swamp:3)
  2 shadows (D:11)
  A wraith (D:12)
  20 yaks
  A hog (D:15)
  5 humans (D:14)
  2 wyverns
  A steam dragon (D:9)
  A swamp worm simulacrum (Swamp:4)
  A minotaur simulacrum (IceCv)
  4 vampire mosquitoes
  13 nagas
  3 swamp worms
  A redback simulacrum (D:15)
  A water moccasin (Lair:4)
  A hydra simulacrum (Swamp:4)
  2 naga skeletons (Snake:2)
  A guardian serpent simulacrum (Snake:2)
  3 orc warriors
  A meliai simulacrum (D:12)
  5 wolves
  7 ogres
  2 centaurs
  4 bullfrogs
  2 deep troll simulacra (IceCv)
  2 cane toad simulacra (Lair:5)
  A wight (D:8)
  2 killer bees
  3 howler monkeys
  2 hounds (D:9)
  3 orc priests
  A hell rat (Lair:5)
  4 orc wizards
  A gnoll (D:9)
  A hell rat simulacrum (Lair:5)
  2 swamp drake simulacra (Swamp:4)
  8 orcs
  2 kobolds (D:8)
  A spectral weapon (Snake:4)
282 creatures vanquished.

Vanquished Creatures (others)
  A tyrant leech (Swamp:2)
  A human (D:15)
  A swamp worm (Swamp:4)
  10 ancestors
  29 knights
  18 foxfires
  247 fulminant prisms
307 creatures vanquished.

Grand Total: 1510 creatures vanquished

Notes
Turn   | Place    | Note
-------+----------+-------------------------------------------
     0 | D:1      | themarg the Demonspawn Conjurer began the quest for the
                  | Orb.
     0 | D:1      | Reached XP level 1. HP: 13/13 MP: 3/3
   254 | D:1      | Gained mutation: You are partially covered in yellow
                  | scales. (AC +2) [demonic ancestry]
   254 | D:1      | Reached XP level 2. HP: 19/19 MP: 5/5
   685 | D:1      | Learned a level 2 spell: Searing Ray
  1064 | D:1      | Gained mutation: Your touch may inflict minor irresistible
                  | damage on your foes. [demonic ancestry]
  1064 | D:1      | Reached XP level 3. HP: 24/24 MP: 4/6
  1301 | D:2      | Found a faded altar of an unknown god.
  1456 | D:2      | Reached skill level 5 in Conjurations
  1456 | D:2      | Reached skill level 1 in Hexes
  1673 | D:2      | Identified the +2 robe of Ojius {rC+ Dex+4}
  2381 | D:3      | Found a shimmering altar of Xom.
  2507 | D:3      | Found a glowing drain.
  2524 | D:3      | Gained mutation: You regenerate magic rapidly. [demonic
                  | ancestry]
  2524 | D:3      | Reached XP level 4. HP: 24/30 MP: 1/7
  2553 | Sewer    | Entered a sewer
  2639 | Sewer    | Noticed a water moccasin
  2648 | Sewer    | Killed a water moccasin
  2649 | Sewer    | Reached XP level 5. HP: 31/35 MP: 0/8
  3855 | D:4      | Gained mutation: Your touch may inflict irresistible damage
                  | on your foes. [demonic ancestry]
  3855 | D:4      | Reached XP level 6. HP: 41/41 MP: 4/9
  3883 | D:4      | Noticed Menkaure
  3887 | D:4      | Killed Menkaure
  3888 | D:4      | Reached skill level 5 in Hexes
  3978 | D:4      | Learned a level 4 spell: Fulminant Prism
  4239 | D:4      | Reached XP level 7. HP: 46/46 MP: 1/10
  4803 | D:5      | Entered Level 5 of the Dungeon
  4956 | D:5      | Found a transporter.
  4958 | D:5      | Found a transporter.
  4966 | D:5      | Found a shadowy altar of Dithmenos.
  5205 | D:5      | Reached skill level 1 in Evocations
  5379 | D:5      | Noticed Eustachio
  5390 | D:5      | Identified the +11 short sword of Wyrd {heavy, rF++}
  5395 | D:5      | Noticed Pikel
  5407 | D:5      | Killed Pikel
  5408 | D:5      | Reached XP level 8. HP: 30/52 MP: 0/12
  5669 | D:5      | Reached skill level 1 in Fighting
  6483 | D:6      | Found a staircase to the Ecumenical Temple.
  6490 | Temple   | Entered the Ecumenical Temple
  6509 | Temple   | Became a worshipper of Hepliaklqana the Forgotten
  6690 | D:6      | Reached skill level 5 in Fighting
  6808 | D:6      | Reached skill level 1 in Invocations
  6857 | D:6      | Reached XP level 9. HP: 63/68 MP: 2/13
  7007 | D:6      | Reached skill level 2 in Invocations
  7065 | D:6      | Noticed Edmund
  7082 | D:6      | Killed Edmund
  7241 | D:6      | Learned a level 2 spell: Blink
  7246 | D:6      | Learned a level 4 spell: Iskenderun's Mystic Blast
  7318 | D:7      | Reached skill level 3 in Invocations
  7358 | D:7      | Reached skill level 4 in Invocations
  7542 | D:7      | Reached skill level 5 in Invocations
  7595 | D:7      | Found a sand-covered staircase.
  7610 | Ossuary  | Entered an ossuary
  7702 | Ossuary  | Reached skill level 5 in Translocations
  8237 | D:7      | Found a burning altar of Makhleb.
  8426 | D:7      | Found a large runed translucent door.
  8426 | D:7      | Found a large runed translucent door.
  8427 | D:7      | Noticed horus123's ghost (novice DgIE)
  8785 | D:7      | Gained mutation: When hurt, damage is shared between your
                  | health and your magic reserves. [demonic ancestry]
  8785 | D:7      | Reached XP level 10. HP: 74/74 MP: 8/14
  8870 | D:7      | Noticed Maggie
  9041 | D:7      | Killed Maggie
  9488 | D:8      | Reached * piety under Hepliaklqana
  9531 | D:8      | Noticed Jeremiah
  9611 | D:8      | Noticed a two-headed ogre
  9727 | D:8      | Reached skill level 1 in Throwing
  9727 | D:8      | Reached skill level 5 in Dodging
  9727 | D:8      | Reached skill level 1 in Ice Magic
  9727 | D:8      | Reached skill level 1 in Air Magic
 10082 | D:8      | Killed a two-headed ogre
 10137 | D:8      | Noticed Maurice
 10153 | D:8      | Something stole an amulet of guardian spirit
 10154 | D:8      | Killed Maurice
 10201 | D:8      | Killed Jeremiah
 10546 | D:8      | Noticed a purple ugly thing
 10804 | D:8      | Killed a purple ugly thing
 11036 | D:9      | Reached XP level 11. HP: 47/71 MP: 5/17
 11154 | D:9      | Reached skill level 5 in Ice Magic
 11154 | D:9      | Reached skill level 5 in Air Magic
 11399 | D:9      | Found a staircase to the Lair.
 11558 | D:9      | Identified the +0 leather armour "Pafed" {rN++ Will+}
 11879 | D:9      | Reached skill level 6 in Invocations
 11965 | D:9      | Found a runed translucent door.
 11970 | D:9      | Noticed Frenzy's ghost (journeyman MiBe)
 12455 | D:5      | Killed Eustachio
 12670 | D:7      | Killed horus123's ghost
 12811 | Lair:1   | Entered Level 1 of the Lair of Beasts
 13862 | Lair:1   | Reached ** piety under Hepliaklqana
 13863 | Lair:1   | Remembered your ancestor Tuba as a knight
 14102 | Lair:2   | Reached skill level 7 in Invocations
 14174 | Lair:2   | Noticed a five-headed hydra
 14190 | Lair:2   | Killed a five-headed hydra
 14342 | Lair:2   | Gained mutation: You regenerate a little health from kills.
                  | [demonic ancestry]
 14342 | Lair:2   | Reached XP level 12. HP: 60/81 MP: 2/18
 14537 | Lair:2   | Noticed a death yak
 14537 | Lair:2   | Noticed a death yak
 14537 | Lair:2   | Noticed a death yak
 14545 | Lair:2   | Noticed a death yak
 14554 | Lair:2   | Killed a death yak
 14707 | Lair:2   | Killed a death yak
 15454 | Lair:2   | Killed a death yak
 15455 | Lair:2   | Reached skill level 10 in Fighting
 15460 | Lair:2   | Killed a death yak
 15575 | Lair:1   | Learned a level 5 spell: Freezing Cloud
 15607 | Lair:2   | Reached skill level 5 in Spellcasting
 15767 | Lair:2   | Found a broken altar of Ashenzari.
 16064 | Lair:2   | Found a broken altar of Ashenzari.
 16682 | Lair:3   | Found a gate leading to a gauntlet.
 16704 | Gauntlet | Entered a Gauntlet
 16704 | Gauntlet | Found a large runed translucent door.
 16704 | Gauntlet | Found a large runed translucent door.
 16704 | Gauntlet | Found a large runed translucent door.
 16704 | Gauntlet | Found a large runed translucent door.
 16704 | Gauntlet | Found a large runed translucent door.
 16704 | Gauntlet | Found a large runed translucent door.
 16704 | Gauntlet | Found a large runed translucent door.
 16704 | Gauntlet | Found a large runed translucent door.
 16704 | Gauntlet | Found a runed translucent door.
 16704 | Gauntlet | Found a runed translucent gate.
 16704 | Gauntlet | Found a transporter.
 16704 | Gauntlet | Found a transporter.
 16704 | Gauntlet | Found a runed translucent gate.
 16704 | Gauntlet | Found a transporter.
 16704 | Gauntlet | Found a transporter.
 16735 | Gauntlet | Found a transporter.
 16745 | Gauntlet | Found a transporter.
 16749 | Gauntlet | Found a transporter.
 16759 | Gauntlet | Found a transporter.
 16780 | Gauntlet | Found a transporter.
 16780 | Gauntlet | Noticed a blizzard demon
 16781 | Gauntlet | Noticed an entropy weaver
 16797 | Gauntlet | Found a transporter.
 16801 | Gauntlet | Found a transporter.
 16805 | Gauntlet | Reached *** piety under Hepliaklqana
 16811 | Gauntlet | Found a transporter.
 16817 | Gauntlet | Found a runed translucent gate.
 16818 | Gauntlet | Found a large runed translucent door.
 16818 | Gauntlet | Found a large runed translucent door.
 16822 | Gauntlet | Found a large runed translucent door.
 16823 | Gauntlet | Found a large runed translucent door.
 16824 | Gauntlet | Found a large runed translucent door.
 16824 | Gauntlet | Found a large runed translucent door.
 16824 | Gauntlet | Found a runed translucent door.
 16825 | Gauntlet | Found a large runed translucent door.
 16826 | Gauntlet | Found a large runed translucent door.
 16923 | Gauntlet | Identified the +2 pair of gloves "Xopoenue" {Int-3 Slay+6}
 17156 | Gauntlet | Noticed a minotaur
 17177 | Gauntlet | Killed a minotaur
 17270 | Gauntlet | Identified the +2 battleaxe of Oozing Pus {antimagic, rPois
                  | Dex+3}
 17393 | Lair:3   | Noticed a five-headed hydra
 17878 | Lair:3   | Reached skill level 8 in Invocations
 17925 | Lair:3   | Found a staircase to the Snake Pit.
 17940 | Lair:3   | Found a staircase to the Swamp.
 17963 | Lair:3   | Killed a five-headed hydra
 18044 | Lair:3   | Reached XP level 13. HP: 92/92 MP: 9/20
 18769 | Lair:4   | Reached skill level 10 in Conjurations
 18772 | Lair:4   | Reached skill level 9 in Invocations
 18776 | Lair:4   | Noticed Sonja
 18867 | Lair:4   | Reached **** piety under Hepliaklqana
 18889 | Lair:4   | Killed Sonja
 18890 | Lair:4   | Reached skill level 10 in Invocations
 19104 | Lair:4   | Identified a scroll of acquirement
 19104 | Lair:4   | Identified the "Xeosit" (You acquired it on level 4 of the
                  | Lair of Beasts)
 19104 | Lair:4   | Acquired 851 gold pieces
 19122 | Lair:4   | Reached skill level 11 in Invocations
 19130 | Lair:4   | Reached skill level 12 in Invocations
 19187 | Lair:4   | Found a runed translucent door.
 19187 | Lair:4   | Found a viscous altar of Jiyva.
 19188 | Lair:4   | Found a staircase to the Slime Pits.
 19534 | Lair:4   | Acquired the +0 pair of boots of the Harvest Moon {rPois
                  | Regen+ Int+3}
 19721 | Lair:5   | Entered Level 5 of the Lair of Beasts
 19732 | Lair:5   | Reached skill level 1 in Short Blades
 19945 | Lair:5   | Noticed a dire elephant
 19945 | Lair:5   | Noticed a dire elephant
 20007 | Lair:5   | Reached skill level 5 in Short Blades
 20359 | Lair:5   | Reached ***** piety under Hepliaklqana
 20395 | Lair:5   | Reached XP level 14. HP: 85/99 MP: 1/23
 20469 | Lair:5   | Reached skill level 13 in Invocations
 20664 | Lair:5   | Reached skill level 5 in Evocations
 21199 | D:9      | Killed Frenzy's ghost
 21285 | D:10     | Entered Level 10 of the Dungeon
 21288 | D:10     | Found a shimmering blue altar of Sif Muna.
 21289 | D:10     | Found an opulent altar of Gozag.
 21378 | D:10     | Reached skill level 1 in Summonings
 21378 | D:10     | Reached skill level 14 in Invocations
 21603 | D:10     | Found a staircase to the Orcish Mines.
 22125 | Orc:1    | Identified the "Zuta Mit"
 22125 | Orc:1    | Entered Level 1 of the Orcish Mines
 22428 | Orc:1    | Found a shimmering blue altar of Sif Muna.
 22841 | Orc:2    | Entered Level 2 of the Orcish Mines
 22964 | Orc:2    | Found Guph's Antique Armour Boutique.
 22971 | Orc:2    | Reached skill level 5 in Summonings
 22996 | Orc:2    | Noticed Snorg
 23006 | Orc:2    | Killed Snorg
 23371 | Orc:2    | Found Egipheam's Assorted Antiques.
 23493 | Orc:2    | Found Yvebeh's Book Shoppe.
 23517 | Orc:2    | Found Saocyef's Magic Scroll Shop.
 23748 | Orc:2    | Found a staircase to the Elven Halls.
 23819 | Orc:2    | Reached skill level 15 in Invocations
 24118 | Orc:2    | Bought Ozocubu's Autobiography for 312 gold pieces
 24123 | Orc:2    | Bought a scroll of amnesia for 56 gold pieces
 24123 | Orc:2    | Bought a scroll of teleportation for 42 gold pieces
 24123 | Orc:2    | Bought a scroll of identify for 28 gold pieces
 24123 | Orc:2    | Bought a scroll of teleportation for 42 gold pieces
 24123 | Orc:2    | Bought a scroll of identify for 28 gold pieces
 24123 | Orc:2    | Bought a scroll of teleportation for 42 gold pieces
 24138 | Orc:2    | Bought a scroll of identify for 54 gold pieces
 24138 | Orc:2    | Bought a potion of enlightenment for 135 gold pieces
 24138 | Orc:2    | Bought a potion of curing for 81 gold pieces
 24156 | Orc:2    | Bought a book of Spectacle for 624 gold pieces
 24246 | D:11     | Noticed Nergalle
 24279 | D:11     | Noticed Urug
 24353 | D:11     | Killed Urug
 24459 | D:11     | Reached skill level 1 in Fire Magic
 24536 | D:11     | Gained mutation: When low on magic, you restore magic in
                  | place of health. [demonic ancestry]
 24536 | D:11     | Reached XP level 15. HP: 74/103 MP: 12/26
 24595 | D:11     | Killed Nergalle
 25014 | D:12     | Noticed Rupert
 25772 | D:12     | Reached skill level 5 in Fire Magic
 25975 | D:12     | Found a blossoming altar of Fedhas.
 25994 | D:12     | Killed Rupert
 26291 | D:12     | Found Pofaz's Distillery.
 26299 | D:12     | Bought a potion of berserk rage for 75 gold pieces
 26299 | D:12     | Bought a potion of enlightenment for 75 gold pieces
 26299 | D:12     | Bought a potion of brilliance for 60 gold pieces
 28616 | D:14     | Gained mutation: Your touch may irresistibly damage your
                  | foes and sap their willpower. [demonic ancestry]
 28616 | D:14     | Reached XP level 16. HP: 109/109 MP: 25/27
 28735 | D:14     | Found a gate to the Vaults.
 29268 | D:14     | Learned a level 6 spell: Starburst
 29412 | D:15     | Entered Level 15 of the Dungeon
 29632 | D:15     | Found a frozen archway.
 29645 | IceCv    | Entered an ice cave
 30034 | IceCv    | Noticed an Ice Fiend
 30058 | IceCv    | Killed an Ice Fiend
 30146 | IceCv    | Identified the +3 dire flail of Abuse {heavy, rElec rN+
                  | Dex+3 Stlth-}
 30331 | D:15     | Noticed Kirke
 30337 | D:15     | Reached skill level 10 in Fire Magic
 30339 | D:15     | Killed Kirke
 30702 | D:15     | Found Erphiqic's Magic Scroll Shop.
 30707 | D:15     | Bought a scroll of identify for 34 gold pieces
 30707 | D:15     | Bought a scroll of fear for 68 gold pieces
 30707 | D:15     | Bought a scroll of fog for 68 gold pieces
 31119 | D:15     | Found a staircase to the Depths.
 31528 | Snake:1  | Entered Level 1 of the Snake Pit
 31533 | Snake:1  | Reached skill level 10 in Evocations
 31601 | Snake:1  | Reached ****** piety under Hepliaklqana
 31697 | Snake:1  | Identified the +0 scale mail "Xutuclew" {rF+ Will- Dex+2}
 31770 | Snake:1  | Found Litaur's General Store.
 32077 | Snake:1  | Found Fet Wudu's General Store.
 32193 | Snake:1  | Bought a wand of light (3) for 201 gold pieces
 32415 | Snake:1  | Gained mutation: You are mostly covered in yellow scales.
                  | (AC +3) [demonic ancestry]
 32415 | Snake:1  | Reached XP level 17. HP: 114/115 MP: 19/28
 32595 | Snake:1  | Found Veluade's Magic Scroll Emporium.
 32603 | Snake:1  | Bought a scroll of blinking for 97 gold pieces
 32603 | Snake:1  | Bought a scroll of revelation for 97 gold pieces
 32603 | Snake:1  | Bought a scroll of fog for 52 gold pieces
 32801 | Snake:2  | Noticed Louise
 32812 | Snake:2  | Killed Louise
 32977 | Snake:2  | Reached skill level 10 in Summonings
 33680 | Snake:3  | Identified the +0 chain mail of the Earth {Str+5}
 34409 | Snake:4  | Entered Level 4 of the Snake Pit
 34625 | Snake:4  | Noticed Asterion
 34695 | Swamp:1  | Entered Level 1 of the Swamp
 34810 | Swamp:1  | You fall into a shaft and drop 1 floor!
 35952 | Swamp:2  | Identified the +3 rapier of Res Nullius {flame, Str+4}
 37168 | Snake:4  | Noticed Mara
 37206 | Snake:4  | Noticed Mlioglotl
 37248 | Snake:4  | Gained mutation: You regenerate health from kills. [demonic
                  | ancestry]
 37248 | Snake:4  | Reached XP level 18. HP: 126/126 MP: 24/30
 37518 | Snake:4  | Noticed themarg's illusion
 37523 | Snake:4  | Killed Mara
 37913 | Snake:4  | Found Ymetatyo's Book Emporium.
 37914 | Snake:4  | Found Egiezuank's Jewellery Shop.
 37915 | Snake:4  | Found Ymuan's Book Emporium.
 38284 | Snake:4  | Noticed Bai Suzhen
 38404 | Snake:4  | Killed Asterion
 38505 | Snake:4  | Killed Bai Suzhen
 38553 | Snake:4  | Killed Mlioglotl
 39086 | Snake:4  | Learned a level 7 spell: Spellforged Servitor
 39303 | Snake:4  | Got a serpentine rune of Zot
 39304 | Snake:4  | Upgraded the game from 0.31-a0-986-g5e6e4ef867 to
                  | 0.31-a0-1074-g0b22e4e0f1
 39503 | Swamp:4  | Entered Level 4 of the Swamp
 40862 | Swamp:4  | Got a decaying rune of Zot
 41262 | Lair:5   | Gained mutation: You are completely covered in yellow
                  | scales. (AC +4, rCorr) [demonic ancestry]
 41262 | Lair:5   | Reached XP level 19. HP: 136/136 MP: 22/31
 41968 | Elf:1    | Entered Level 1 of the Elven Halls
 42006 | Elf:1    | Found a magical portal.
 42043 | WizLab   | Entered Tukima's Studio
 42083 | WizLab   | Identified the +1 hand cannon "Xoakh" {penet, rN+ Dex+2}
 42177 | WizLab   | Found the +3 pair of gauntlets of War {Slay+5}
 42285 | WizLab   | Identified the +7 triple crossbow of the Cup {penet, rN+++}
 42484 | WizLab   | Noticed themarg's illusion
 42586 | WizLab   | Noticed themarg's illusion
 42713 | WizLab   | Identified the +0 pair of gloves of the Stone Wall {Str+3
                  | Int-4 Dex+4}
 42714 | WizLab   | Identified the +0 pair of boots of Mumblety Peg {rC+
                  | Stlth+}
 42723 | WizLab   | HP: 1/137 [+0 flail of holy wrath[a strange machine] (8)]
 42723 | WizLab   | Mangled by a +0 flail of holy wrath

Illustrated notes

Levels and vault maps discovered:
D:1:      lemuel_arrival_hallway, layout_basic, amcnicky_mini_corridor_feature
D:2:      layout_loops_ring, chequers_ecumenical_altar_island, basic_altar,
          corexii_corridor_pit, st_stairs_11
D:3:      layout_basic, marbit_many_paths, lemuel_tele_altar,
          cheibrodos_sewer_entry_bend, nicolae_eternal_life,
          minmay_divided_ellipse
D:4:      layout_gridville, uniq_menkaure
D:5:      gammafunk_wand_slinger, layout_gridville,
          grunt_dithmenos_smoke_and_mirrors, minmay_fountain_box,
          nicolae_concentric_dashed_squares_wild, hangedman_decor_push,
          uniq_eustachio, uniq_pikel
D:6:      layout_loops_ring, minmay_temple_entry_butterflies, uniq_edmund
D:7:      layout_layer_cave, lemuel_crystal_altar, ebering_ghost_disaster_area,
          nicolae_ossuary_entry_catacombs, minmay_alternating_orb, uniq_maggie
D:8:      layout_basic, columned_hall_lemuel, uniq_maurice, uniq_jeremiah
D:9:      layout_basic, erik_lair_island, ebering_ghost_reflecting_pool
D:10:     layout_roguey, mainiacjoe_overflow_divided_tiny, orc_0_dummy
D:11:     layout_cave_pools, uniq_urug, uniq_nergalle
D:12:     minmay_the_grid_square_5x5_4x4_mashed
          [minmay_the_grid_square_5x5_minimal, minmay_the_grid_square_5x5_bite,
          minmay_the_grid_square_5x5_comb, minmay_the_grid_square_5x5_slash,
          minmay_the_grid_square_5x5_six,
          minmay_the_grid_square_5x5_prize_rear_guard,
          minmay_the_grid_square_5x5_prize_waves,
          minmay_the_grid_square_5x5_moneybag,
          minmay_the_grid_square_5x5_doubleslash,
          minmay_the_grid_square_5x5_prize_monsterx,
          minmay_the_grid_square_5x5_prize_gold,
          minmay_the_grid_square_5x5_dogpile,
          minmay_the_grid_square_5x5_minibox, minmay_the_grid_square_5x5_meh,
          minmay_the_grid_square_5x5_shrine2, minmay_the_grid_square_5x5_three],
          layout_long_grid, serial_shops, shop, fedhas_ov_isle_minmay,
          uniq_rupert
D:13:     layout_long_grid, chequers_serial_rivers_micro_e
D:14:     nicolae_moon_pools, layout_grid_maze, grunt_vaults_entry_tiered,
          hangedman_abyss_or_decor_lesser_grid
D:15:     grunt_enter_depths_magical_seal, layout_loops_ring,
          chequers_serial_rivers_room_b, portal_ice_cave_entry_pillars_2,
          serial_shops, shop, hangedman_decor_opposing, st_stairs_8, uniq_kirke
Temple:   nicolae_temple_superstar
Lair:1:   layout_chaotic_city, infiniplex_staircase_pool_2
Lair:2:   layout_hall_layers, basic_altar
Lair:3:   layout_small_grid, minmay_swamp_entry_worms, dummy_snake_entry,
          gauntlet_entry_generic
Lair:4:   layout_cave_shapes, slime_entry_2, serial_bayou_shore_b, uniq_sonja
Lair:5:   due_jungle_book, layout_gridlike, eino_house_with_fridge,
          grunt_megastairs_2
Swamp:1:  nicolae_swamp_ascending_descending_big, layout_basic_swamp,
          evilmike_swamp_ruin_house_2
Swamp:2:  layout_basic_swamp, hangedman_swamp_pad, worms_lemuel,
          infiniplex_staircase_pool
Swamp:3:  layout_basic_swamp, evilmike_swamp_ruin_house_1
Swamp:4:  swamp_icy, layout_basic_swamp, nicolae_swamp_orc_logging_accident,
          swamp_pool_4
Snake:1:  layout_basic, serial_shops, shop, shop, shop, st_stairs_5,
          nicolae_snake_ghostly_warrior_ritual, grunt_megastairs_5
Snake:2:  layout_rooms, nicolae_snake_the_dead_are_slithering, uniq_louise
Snake:3:  layout_rooms, grunt_megastairs_4
Snake:4:  grunt_snake_rune_spirals, layout_onion, minmay_shop_grove,
          serial_bayou_shore_a, serial_bayou_shore_b, uniq_mara, uniq_asterion,
          uniq_mlioglotl, uniq_bai_suzhen
Orc:1:    layout_caves, led_sif_book
Orc:2:    st_orc_open, layout_diamond_mine, basic_altar, uniq_snorg
Elf:1:    nicolae_elf_arrival_no_cutting_in_line, layout_loops_corners,
          infiniplex_enter_wizlab_glasses, serial_shops,
          nicolae_shop_pleasant_corner_grove, minmay_elf_sorcery,
          nicolae_specific_store, item_on_display_a
WizLab:   wizlab_tukima

Skill      XL: |  1  2  3  4  5  6  7  8  9 10 11 12 13 14 15 16 17 18 19 |
---------------+----------------------------------------------------------+-----
Stealth        | 2 |  2.0
Conjurations   | 5 7 8 9 10 11 12 | 12.0
Hexes          | 2 3 4 5 7 |  7.5
Translocations | 2 5 6 |  6.0
Evocations     | 1 2 3 5 7 10 11 12 | 12.0
Spellcasting   | 3 4 5 8 |  8.0
Dodging        | 3 4 5 7 |  7.0
Fighting       | 5 7 10 12 14 | 14.6
Invocations    | 1 5 7 8 12 15 | 15.0
Throwing       | 1 3 |  3.0
Ice Magic      | 4 7 8 |  8.0
Air Magic      | 4 7 8 |  8.0
Short Blades   | 5 |  5.0
Summonings     | 5 9 12 14 | 14.6
Fire Magic     | 1 8 10 | 10.0

Action                     |  1- 3 |  4- 6 |  7- 9 | 10-12 | 13-15 | 16-18 | 19-21 || total
---------------------------+-------+-------+-------+-------+-------+-------+-------++-------
  Melee: Dagger            |    13 |     2 |     3 |       |       |       |       ||    18
         Touch             |     4 |     1 |    21 |    56 |    87 |    87 |    11 ||   267
         Short sword       |       |       |    98 |   187 |   291 |   388 |    43 ||  1007
         Punch             |       |       |     1 |     2 |     9 |    10 |     1 ||    23
         Rapier            |       |       |       |       |       |     2 |       ||     2
   Fire: Sling             |     7 |       |       |       |       |       |       ||     7
  Throw: Stone             |       |     5 |       |       |       |       |       ||     5
         Dart              |       |       |       |     8 |    11 |       |       ||    19
   Cast: Magic Dart        |    73 |    35 |    75 |    28 |     2 |       |       ||   213
         Searing Ray       |     4 |    15 |    84 |    83 |    34 |    36 |     1 ||   257
         Fulminant Prism   |       |     2 |     7 |   113 |    48 |    70 |     8 ||   248
         Iskenderun's Myst |       |       |     5 |    34 |    30 |    43 |    13 ||   125
         Blink             |       |       |       |     7 |     1 |     3 |     1 ||    12
         Freezing Cloud    |       |       |       |     3 |   185 |   237 |     3 ||   428
         Starburst         |       |       |       |       |       |    84 |    55 ||   139
         Spellforged Servi |       |       |       |       |       |     5 |       ||     5
 Invoke: Recall Ancestor   |       |       |       |     8 |     7 |     5 |     2 ||    22
         Ancestor Identity |       |       |       |     1 |       |       |       ||     1
         Ancestor Life: Kn |       |       |       |     1 |       |       |       ||     1
         Transference      |       |       |       |       |     1 |       |     1 ||     2
         Idealise          |       |       |       |       |     2 |     6 |     6 ||    14
  Evoke: Wand              |       |     2 |     2 |    11 |     1 |     6 |     2 ||    24
         Lightning rod     |       |       |       |       |     3 |     8 |     4 ||    15
         Phial of floods   |       |       |       |       |     1 |     3 |       ||     4
         Condenser vane    |       |       |       |       |       |     1 |       ||     1
         Sack of spiders   |       |       |       |       |       |       |     1 ||     1
    Use: Scroll            |       |     5 |     6 |     7 |    18 |     5 |     8 ||    49
         Potion            |       |       |     1 |     2 |       |     2 |     6 ||    11
   Stab: Sleeping          |       |       |     2 |       |     3 |     2 |       ||     7
         Distracted        |       |       |     1 |     3 |     4 |     1 |     1 ||    10
         Petrified         |       |       |       |       |     3 |       |       ||     3
 Armour: Robe              |     7 |     6 |    97 |   186 |   208 |   487 |    55 ||  1046
  Dodge: Dodged            |    17 |    17 |    95 |   165 |   167 |   342 |    47 ||   850
  Block: Other             |       |       |    32 |    67 |    36 |    94 |     3 ||   232
         Reflection        |       |       |     1 |     2 |     6 |    15 |       ||    24

Table legend: (Time is in decaauts)
 A = Elapsed time spent in this place.
 B = Non-inter-level travel time spent in this place.
 C = Inter-level travel time spent in this place.
 D = Time resting spent in this place.
 E = Time spent auto-exploring this place.
 F = Levels seen in this place.
 G = Mean time per level.
                   A        B        C        D        E       F      G
               +--------+--------+--------+--------+--------+-----+--------+
         Total |  43030 |  39682 |   3348 |   6583 |  23327 |  37 | 1163.0 |
       Dungeon |  20422 |  18678 |   1744 |   2803 |  12206 |  15 | 1361.5 |
        Temple |     37 |     20 |     17 |      0 |      0 |   1 |   37.0 |
          Lair |   8166 |   7536 |    630 |   1100 |   4836 |   5 | 1633.2 |
         Swamp |   4253 |   3856 |    397 |    735 |   2191 |   4 | 1063.2 |
     Snake Pit |   5396 |   4995 |    401 |    791 |   2463 |   4 | 1349.0 |
  Orcish Mines |   2029 |   1872 |    157 |    336 |   1013 |   2 | 1014.5 |
   Elven Halls |     73 |     73 |      0 |      0 |      0 |   1 |   73.0 |
         Sewer |    225 |    225 |      0 |     28 |    103 |   1 |  225.0 |
       Ossuary |    550 |    550 |      0 |    123 |    211 |   1 |  550.0 |
      Ice Cave |    639 |    639 |      0 |    136 |    115 |   1 |  639.0 |
        Wizlab |    652 |    652 |      0 |    308 |     29 |   1 |  652.0 |
      Gauntlet |    582 |    582 |      0 |    222 |    157 |   1 |  582.0 |
               +--------+--------+--------+--------+--------+-----+--------+

Top non-repeatable levels by time:
 Snake:4: 2350 daAuts
  Lair:2: 2142 daAuts
  Lair:5: 2008 daAuts
     D:7: 1965 daAuts
     D:9: 1918 daAuts
    D:14: 1633 daAuts
  Lair:3: 1612 daAuts
 Swamp:4: 1545 daAuts
  Lair:1: 1505 daAuts
     D:8: 1450 daAuts
     D:6: 1440 daAuts
    D:12: 1394 daAuts
     D:5: 1375 daAuts
    D:13: 1343 daAuts
    D:10: 1257 daAuts
